 Dungeon Crawl Stone Soup version 0.17.0-24-gcfadda4 (webtiles) character file.

158249 DgreyI the Bewitcher (level 17, -3/128 HPs)
             Began as a Vampire Enchanter on Nov 9, 2015.
             Was the Champion of Okawaru.
             Shot with an arrow by a deep elf knight (14 damage)
             ... on level 1 of the Elven Halls on Nov 17, 2015.
             The game lasted 08:35:29 (55271 turns).

DgreyI the Bewitcher (Vampire Enchanter)           Turns: 55271, Time: 08:35:29

Health: -3/128     AC: 15    Str:  8    XL:     17   Next: 14%
Magic:  21/35      EV: 31    Int: 27    God:    Okawaru [******]
Gold:   2161       SH:  0    Dex: 24    Spells: 10 memorised, 1 level left

rFire  . . .     SeeInvis +     G - +5 great sword of Hexzol {drain, +Inv rN+ MP+9 Dex+4}
rCold  + . .     Clarity  .     J - +2 robe {Archmagi}
rNeg   + + +     SustAt   .     (shield currently unavailable)
rPois  +         Gourm    .     a - +2 hat {MR+}
rElec  .         Spirit   .     Z - +2 cloak
rCorr  .         Warding  +     B - +1 pair of gloves {Dex+3}
rMut   .         Stasis   .     h - +2 pair of boots {run}
MR     ++...                    K - amulet of warding
Stlth  ++++++++..               L - +4 ring of intelligence
                                V - +4 ring of dexterity

@: heroism, regenerating slowly, quick, very resistant to hostile enchantments,
extraordinarily stealthy
A: fangs 3, see invisible, clumsy 1, unbreathing, subdued magic 1
a: Bat Form, Heroism, Finesse, Renounce Religion, Evoke Invisibility


You were on level 1 of the Elven Halls.
You worshipped Okawaru.
Okawaru was exalted by your worship.
You were very thirsty.

You visited 5 branches of the dungeon, and saw 32 of its levels.
You also visited: Labyrinth, Sewer and Ice Cave.

You collected 3069 gold pieces.
You spent 908 gold pieces at shops.

Inventory:

Hand Weapons
 c - the +9 dagger of Okawaru's Wrath {pierce, rElec}
   (Okawaru gifted it to you on level 12 of the Dungeon)

   It inflicts extra damage upon your enemies.
   It insulates you from electricity.
 D - a +3 scimitar of flaming
 G - the +5 great sword of Hexzol (weapon) {drain, +Inv rN+ MP+9 Dex+4}
   (You found it on level 2 of the Swamp)

   A truly terrible weapon, it drains the life of those it strikes.
   It affects your dexterity (+4).
   It protects you from negative energy.
   It affects your magic capacity (+9).
   It lets you turn invisible.
Armour
 a - a +2 hat of magic resistance (worn)
 h - a +2 pair of boots of running (worn)
 o - a +0 buckler
 B - a +1 pair of gloves of dexterity (worn)
 J - a +2 robe of the Archmagi (worn)
 Z - a +2 cloak (worn)
Jewellery
 b - an uncursed ring of protection from fire
 n - an uncursed amulet of resist mutation
 t - an uncursed ring of magical power
 K - an amulet of warding (around neck)
 L - a +4 ring of intelligence (right hand)
 V - a +4 ring of dexterity (left hand)
 Y - an uncursed ring of sustain attributes
Wands
 q - a wand of slowing (15)
 r - a wand of digging (10)
 E - a wand of fire (1)
 F - a wand of cold (7)
 H - a wand of enslavement (13)
 O - a wand of disintegration (14)
 R - a wand of lightning (4)
 T - a wand of polymorph (9)
Scrolls
 e - 5 scrolls of recharging
 i - 4 scrolls of remove curse
 j - 8 scrolls of teleportation
 k - 10 scrolls of identify
 s - 7 scrolls of fog
 u - 4 scrolls of fear
 x - 5 scrolls of blinking
 y - 2 scrolls of enchant weapon
 I - 4 scrolls of enchant armour
 P - 2 scrolls of magic mapping
 Q - 2 scrolls of summoning
 U - a scroll of torment {unknown}
 X - 2 scrolls of silence
Potions
 d - 13 potions of blood
 f - 8 potions of curing
 g - 8 potions of brilliance
 m - 4 potions of agility
 p - 2 potions of magic
 v - 3 potions of ambrosia
 w - 7 potions of might
 z - 3 potions of flight
 A - 3 potions of invisibility
 C - 2 potions of cure mutation
 M - 3 potions of haste
 N - 3 potions of resistance
 S - a potion of beneficial mutation {unknown}
Miscellaneous
 l - a plain deck of wonders {the Alchemist}


   Skills:
 - Level 10.1(15.1) Fighting
 - Level 13.8(19.8) Short Blades
 * Level 9.0(17.0) Long Blades
 - Level 3.0(8.0) Armour
 - Level 12.3(17.3) Dodging
 - Level 12.0(17.0) Stealth
 - Level 5.0(10.0) Shields
 - Level 6.0 Spellcasting
 - Level 20.0 Hexes
 - Level 5.0 Charms
 - Level 4.0 Translocations
 - Level 3.0 Ice Magic
 - Level 8.0 Invocations
 - Level 6.0 Evocations


You had one spell level left.
You knew the following spells:

 Your Spells              Type           Power        Failure   Level  Hunger
a - Swiftness             Chrm/Air       ###.....     1%          2    None
b - Ensorcelled Hibernat  Hex/Ice        ######       0%          2    None
c - Confuse               Hex            #######.     0%          3    None
d - Tukima's Dance        Hex            #######.     0%          3    None
e - Dazzling Spray        Conj/Hex       ######..     1%          3    None
f - Invisibility          Hex            #######.     1%          6    ######.
g - Apportation           Tloc           ####......   1%          1    None
h - Blink                 Tloc           N/A          1%          2    None
i - Ozocubu's Armour      Chrm/Ice       ####....     1%          3    None
j - Repel Missiles        Chrm/Air       ###...       1%          2    None


Dungeon Overview and Level Annotations

Branches:
Dungeon (15/15)            Temple (0/1) D:4            Lair (8/8) D:8
  Swamp (3/4) Lair:6       Spider (0/4) Lair:3        Slime (0/6) Lair:6
    Orc (4/4) D:10            Elf (2/3) Orc:3        Vaults (0/5) D:14
 Depths (0/5) D:15

Altars:
Ashenzari
Dithmenos
Fedhas
Gozag
Kikubaaqudgha
Makhleb
Nemelex Xobeh
Okawaru
Qazlal
Ru
Trog
Vehumet
Xom
Yredelemnul
Zin
Beogh

Shops:
D:5 ![   D:6 [   D:8 *   D:13 *   Orc:4 *[=(   Elf:1 ?

Annotations:
D:6 Edmund
D:13 Azrael
D:14 exclusion: Roxanne, Roxanne
D:15 1 runed door
Lair:4 Josephine
Lair:6 Frances
Lair:7 Kirke
Swamp:2 Nikola
Elf:1 bezhaha's ghost, journeyman TrCK


Innate Abilities, Weirdness & Mutations

You heal slowly.
You have razor-sharp teeth.
You have supernaturally acute eyesight.
You can survive without breathing.
You are clumsy. (Dex -2)
Your spells are a little easier to cast, but a little less powerful.


Message History

You gain the combat prowess of a mighty hero.
You feel slightly more thirsty. Bezhaha's ghost completely misses you.
A deep elf conjurer comes into view. It is wielding a short sword.
You fail to use your ability.
Bezhaha's ghost hits you!!!
You hit bezhaha's ghost.
Bezhaha's ghost is lightly damaged.
Bezhaha's ghost misses you.
You hit bezhaha's ghost but do no damage.
Bezhaha's ghost is lightly damaged.
Bezhaha's ghost completely misses you.
You hit bezhaha's ghost but do no damage.
You bite bezhaha's ghost, but do no damage.
Bezhaha's ghost is lightly damaged.
Bezhaha's ghost hits you!!
* * * LOW HITPOINT WARNING * * *
The deep elf conjurer points at you and mumbles some strange words.
The bolt of cold hits the deep elf knight.
The bolt of cold hits bezhaha's ghost.
Bezhaha's ghost resists.
The deep elf knight shoots an arrow.
The arrow hits you!
You die...

###..W[.....## ..##..)).....# ##.
##).)....## ### # #...)[..# #..
#.######e#### #.. #.#.....[)e.#
#(. #.#.#######.## #.. #.#. #)W#
########). #.#
###@#######......... #.
##.#.#.#.#.#.#.#.#...
#.#####..........)......##.
.......#.#.#.#.#.#.#.#.###.
###########..)......[.......##.
##...## ##[#.#.#.#.#.#.#.#.###.
##8.<.8####.#...).............##.
#...[...##.###.#.#.#.#%#.#.#.#.##
#.>.8...#)###.................#.#


You could see a deep elf knight (invisible) and bezhaha's ghost.

Vanquished Creatures
  2 thorn hunters
  A deep elf sorcerer (Elf:1)
  An orc warlord (Orc:4)
  2 very ugly things (Swamp:1)
  The ghost of godescalc the Thaumaturge, a journeyman HEAE of Vehumet (IceCv)
  A deep elf death mage (Elf:1)
  A yaktaur captain (D:15)
  A fire dragon (D:14)
  A minotaur (Lab)
  A rakshasa (D:14)
  3 vault guards (D:14)
  Fannar (Orc:2)
  An ogre mage (D:15)
  7 hydras
  7 alligators
  6 death yaks
  A tengu warrior (D:14)
  An orc high priest (Orc:4)
  Nergalle (Orc:4)
  6 deep elf knights
  10 deep elf summoners
  2 hill giants
  2 unseen horrors
  3 wizards (D:15)
  A necromancer (D:15)
  4 swamp dragons
  2 orc sorcerers (Orc:4)
  2 shambling mangroves (Swamp:2)
  11 deep elf conjurers (Elf:1)
  4 orc knights (Orc:4)
  2 oklob plants
  A griffon (Lair:5)
  A wolf spider (D:15)
  A cyclops (D:12)
  13 ugly things
  A manticore (D:13)
  A guardian serpent (shapeshifter) (D:13)
  18 elephants
  8 centaur zombies
  An ice statue (IceCv)
  7 black mambas
  7 hornets
  A naga mage (D:15)
  29 spiny frogs
  3 centaur skeletons
  A yaktaur (shapeshifter) (D:15)
  3 kobold demonologists (D:12)
  2 efreet (D:13)
  12 komodo dragons
  4 fire drakes
  8 trolls
  3 tengu conjurers
  14 polar bears (IceCv)
  A queen bee (D:14)
  A deep elf priest (Elf:2)
  6 giant leeches
  27 slime creatures
  9 bog bodies
  A centaur simulacrum (D:15)
  2 two-headed ogres
  3 hornet zombies (D:15)
  13 blink frogs (Lair:8)
  4 trapdoor spiders (Lair:3)
  A tarantella (shapeshifter) (D:14)
  3 spriggans
  17 deep elf magi
  4 shadows
  2 humans (D:10)
  2 wyverns
  92 yaks
  4 wraiths
  2 hill giant zombies (D:10)
  2 hogs (Lair:7)
  4 basilisks
  11 hippogriffs
  3 mottled dragons
  Grum (Lair:1)
  28 wolves
  6 deep elf fighters (Elf:1)
  17 vampire mosquitoes
  14 swamp worms
  14 water moccasins
  6 insubstantial wisps (Swamp:2)
  A steam dragon (D:11)
  9 hungry ghosts
  2 soldier ants (D:13)
  A hornet simulacrum (D:14)
  13 porcupines
  16 orc warriors
  6 sky beasts
  Purgy (Sewer)
  4 ice beasts
  2 swamp drakes (Swamp:1)
  An eye of draining (D:14)
  A black bear (D:11)
  14 ogres
  4 big kobolds
  5 phantoms
  10 centaurs
  3 wasps (Swamp:2)
  A boggart (D:15)
  18 crocodiles
  36 giant frogs
  A brain worm (Lair:5)
  A wyvern zombie (D:10)
  A troll zombie (D:10)
  5 scorpions
  25 killer bees
  16 wights
  A quasit (D:14)
  7 crimson imps
  5 electric eels
  14 jellies
  A giant frog zombie (D:13)
  7 hounds
  25 orc priests
  3 giant frog skeletons
  7 iguanas
  41 orc wizards
  11 worker ants
  5 ogre zombies (D:10)
  25 sheep
  A killer bee zombie (D:5)
  A hound zombie (D:6)
  3 gnolls (D:7)
  48 river rats
  13 adders
  4 shadow imps
  2 white imps (D:14)
  3 oozes
  An adder skeleton (D:10)
  An adder zombie (D:5)
  6 worms
  6 giant geckos
  202 orcs
  6 ball pythons
  3 giant cockroaches
  6 goblins
  4 hobgoblins
  10 jackals
  13 kobolds
  2 quokkas
  5 bats
  2 giant gecko skeletons
  10 giant newts
  2 goblin skeletons (D:10)
  3 hobgoblin zombies (D:10)
  5 orc skeletons (D:10)
  15 orc zombies (D:10)
  2 quokka zombies
  8 rats
1264 creatures vanquished.

Vanquished Creatures (collateral kills)
  A vault guard (D:14)
  A rakshasa (D:13)
  A tengu warrior (D:14)
  4 deep elf knights (Elf:1)
  3 orc knights
  2 hill giants (D:14)
  2 two-headed ogres (D:15)
  A deep elf mage (Elf:1)
  2 deep elf fighters (Elf:1)
  A vampire mosquito (D:14)
  12 orc warriors
  A necrophage (D:11)
  Blork the orc (Orc:4)
  An orc wizard (Orc:4)
  3 orcs
36 creatures vanquished.

Vanquished Creatures (others)
  5 dancing weapons
  A deep elf mage (Elf:1)
  A deep elf fighter (Elf:1)
  A swamp drake (Swamp:2)
  2 orcs (D:12)
  42 fungi
  15 plants
67 creatures vanquished.

Grand Total: 1367 creatures vanquished

Notes
Turn   | Place    | Note
--------------------------------------------------------------
     0 | D:1      | DgreyI the Vampire Enchanter began the quest for the Orb.
     0 | D:1      | Reached XP level 1. HP: 13/13 MP: 3/3
   143 | D:1      | Identified a +1 pair of boots of running (You found it on level 1 of the Dungeon)
   468 | D:1      | Reached skill level 5 in Hexes
   594 | D:1      | Reached XP level 2. HP: 17/19 MP: 3/5
   598 | D:1      | Learned a level 2 spell: Ensorcelled Hibernation
   949 | D:2      | Reached skill level 6 in Hexes
  1052 | D:2      | Found an iron altar of Okawaru.
  1058 | D:2      | Became a worshipper of Warmaster Okawaru
  1078 | D:2      | Reached XP level 3. HP: 24/24 MP: 6/6
  1348 | D:2      | Learned a level 3 spell: Confuse
  1367 | D:2      | Found a bloodstained altar of Trog.
  1367 | D:2      | Found a stormy altar of Qazlal.
  1372 | D:2      | Found a sacrificial altar of Ru.
  1873 | D:3      | Reached skill level 7 in Hexes
  1873 | D:3      | Reached XP level 4. HP: 30/30 MP: 4/7
  1884 | D:3      | Found a shadowy altar of Dithmenos.
  2993 | D:3      | Reached skill level 8 in Hexes
  3272 | D:3      | Reached skill level 1 in Ice Magic
  3407 | D:3      | Reached XP level 5. HP: 32/35 MP: 0/8
  3987 | D:5      | Entered Level 5 of the Dungeon
  4058 | D:4      | Found a staircase to the Ecumenical Temple.
  4583 | D:4      | Found a sparkling altar of Nemelex Xobeh.
  4679 | D:4      | Reached XP level 6. HP: 41/41 MP: 4/9
  4793 | D:4      | Upgraded the game from 0.17.0-8-gb983d21 to 0.17.0-9-g801d43b
  4856 | D:5      | Found an ancient bone altar of Kikubaaqudgha.
  4873 | D:5      | Noticed an ogre
  4916 | D:6      | Found Ulai's Armour Shoppe.
  4951 | D:6      | Noticed Edmund
  5006 | D:6      | Reached skill level 5 in Short Blades
  5012 | D:6      | Found a glowing drain.
  5071 | Sewer    | Entered a sewer
  5228 | Sewer    | Noticed Purgy
  5257 | Sewer    | Killed Purgy
  5257 | Sewer    | Reached * piety under Okawaru
  5257 | Sewer    | Reached XP level 7. HP: 46/46 MP: 7/10
  5494 | D:5      | Killed an ogre
  5498 | D:5      | Upgraded the game from 0.17.0-9-g801d43b to 0.17.0-17-ge4ba49f
  5649 | D:5      | Found Saocvawnie's Distillery.
  5657 | D:5      | Bought a potion of invisibility for 80 gold pieces
  5657 | D:5      | Bought a potion of heal wounds for 50 gold pieces
  5671 | D:5      | Noticed a centaur
  5690 | D:5      | Killed a centaur
  5905 | D:5      | Found Goas's Armour Shop.
  6395 | D:7      | Reached skill level 5 in Stealth
  6799 | D:6      | Reached ** piety under Okawaru
  6799 | D:6      | Reached XP level 8. HP: 50/52 MP: 8/11
  6987 | D:6      | Found a radiant altar of Vehumet.
  7125 | D:6      | Reached skill level 9 in Hexes
  7540 | D:7      | Found a shattered altar of Ashenzari.
  7850 | D:7      | Reached skill level 10 in Hexes
  8032 | D:7      | Reached skill level 11 in Hexes
  8341 | D:7      | Found a sparkling altar of Nemelex Xobeh.
  8344 | D:7      | Reached skill level 1 in Shields
  8364 | D:7      | Reached XP level 9. HP: 57/57 MP: 6/12
  8560 | D:7      | Reached *** piety under Okawaru
  8736 | D:7      | Learned a level 3 spell: Tukima's Dance
  8740 | D:7      | Learned a level 3 spell: Dazzling Spray
  8971 | D:8      | Found an opulent altar of Gozag.
  9057 | D:8      | Found a staircase to the Lair.
  9058 | D:8      | Noticed a fire drake
  9162 | D:8      | Found an ancient bone altar of Kikubaaqudgha.
  9164 | D:8      | Found Ofutaso's Sacrilege Store.
  9412 | D:8      | Reached skill level 12 in Hexes
  9763 | D:8      | Reached **** piety under Okawaru
  9763 | D:8      | Reached skill level 13 in Hexes
 10196 | D:8      | Reached skill level 5 in Shields
 10464 | D:10     | Entered Level 10 of the Dungeon
 10480 | D:9      | Reached skill level 14 in Hexes
 10480 | D:9      | Reached skill level 1 in Invocations
 10480 | D:9      | Reached XP level 10. HP: 60/63 MP: 7/13
 11083 | D:9      | Found a basalt altar of Yredelemnul.
 11086 | D:9      | Found a shimmering altar of Xom.
 11089 | D:9      | Found a burning altar of Makhleb.
 12181 | D:10     | Found a staircase to the Orcish Mines.
 12232 | D:10     | Reached skill level 5 in Spellcasting
 12583 | D:10     | Upgraded the game from 0.17.0-17-ge4ba49f to 0.17.0-22-g5edae84
 12912 | D:10     | Reached ***** piety under Okawaru
 12920 | D:10     | Learned a level 6 spell: Invisibility
 13170 | D:10     | Found an iron altar of Okawaru.
 13351 | D:12     | Reached skill level 10 in Short Blades
 13545 | D:12     | Found a labyrinth entrance.
 13545 | D:12     | Noticed an unseen horror
 13561 | D:12     | Learned a level 1 spell: Apportation
 13579 | Lab      | Entered a labyrinth
 13734 | Lab      | Reached XP level 11. HP: 64/68 MP: 13/20
 15064 | Lab      | Noticed a minotaur
 15102 | Lab      | Got a crystal flail
 15102 | Lab      | Got a shimmering trident
 15102 | Lab      | Got a warped spear
 15102 | Lab      | Got a heavily runed golden ring
 15117 | Lab      | Killed a minotaur
 15160 | Lab      | Identified the ring "Sexamint" {Ice Str+2} (You found it in a labyrinth)
 15165 | Lab      | Identified the +5 flail "Hanodwar" {crush, rElec rF+} (You found it in a labyrinth)
 15166 | Lab      | Identified the +8 spear "Esuobb" {flame, *Noise +Fly MR++ Stlth+} (You found it in a labyrinth)
 15689 | Orc:1    | Entered Level 1 of the Orcish Mines
 16637 | D:9      | Reached skill level 1 in Fighting
 16773 | Lair:1   | Entered Level 1 of the Lair of Beasts
 16784 | Lair:1   | Learned a level 2 spell: Blink
 17047 | Lair:1   | Received a gift from Okawaru
 17449 | Lair:1   | Noticed Grum
 18745 | Lair:1   | Reached skill level 5 in Dodging
 18786 | Lair:1   | Got a fine leather armour
 18803 | Lair:1   | Identified the cursed +1 leather armour "Eskuk" {Int+4} (You found it on level 1 of the Lair of Beasts)
 18913 | Lair:1   | Reached skill level 1 in Armour
 19550 | Lair:1   | Killed Grum
 19649 | Lair:2   | Reached skill level 5 in Fighting
 19738 | Lair:3   | Gained mutation: Your spells are a little easier to cast, but a little less powerful. [mutagenic glow]
 20154 | Lair:2   | Found a glowing silver altar of Zin.
 20164 | Lair:2   | Reached XP level 12. HP: 87/89 MP: 21/21
 20185 | Lair:2   | Noticed a four-headed hydra
 20218 | Lair:2   | Gained mutation: You are clumsy. (Dex -2) [mutagenic glow]
 20414 | Lair:2   | Received a gift from Okawaru
 20975 | Lair:3   | Noticed a seven-headed hydra
 21877 | Lair:3   | Found a hole to the Spider Nest.
 22303 | Lair:5   | Noticed an eight-headed hydra
 22329 | Lair:4   | Noticed Josephine
 22513 | Lair:5   | Found a frozen archway.
 22518 | IceCv    | Entered an ice cave
 22581 | IceCv    | Reached ****** piety under Okawaru
 23168 | IceCv    | Noticed godescalc's ghost (journeyman HEAE)
 23178 | IceCv    | Reached skill level 5 in Invocations
 23212 | IceCv    | Killed godescalc's ghost
 23212 | IceCv    | Received a gift from Okawaru
 23500 | IceCv    | Reached XP level 13. HP: 102/102 MP: 18/22
 24092 | IceCv    | Noticed a frost giant
 24311 | Lair:4   | Reached skill level 10 in Fighting
 24705 | Lair:4   | Reached skill level 1 in Evocations
 25462 | D:8      | Killed a fire drake
 25490 | D:9      | Upgraded the game from 0.17.0-22-g5edae84 to 0.17.0-23-g0de4337
 26269 | D:11     | Noticed a hill giant
 26277 | D:11     | Killed a hill giant
 26899 | D:12     | Reached skill level 10 in Dodging
 26935 | D:12     | Noticed a cyclops
 26956 | D:12     | Killed a cyclops
 26967 | D:12     | Noticed a red ugly thing
 26973 | D:12     | Killed a red ugly thing
 27360 | D:12     | Received a gift from Okawaru
 27372 | D:12     | Got a slimy dagger {god gift}
 27397 | D:12     | Identified the +9 dagger of Okawaru's Wrath {pierce, rElec} (Okawaru gifted it to you on level 12 of the Dungeon)
 27504 | D:12     | Killed an unseen horror
 27745 | D:13     | Found Fuwuli's Assorted Antiques.
 27937 | D:12     | Noticed a green ugly thing
 27945 | D:12     | Killed a green ugly thing
 28042 | D:13     | Noticed a guardian serpent
 28076 | D:13     | Killed a guardian serpent
 28107 | D:14     | Received a gift from Okawaru
 28190 | D:13     | Noticed a rakshasa
 28930 | D:14     | Noticed Roxanne
 28958 | D:13     | Noticed Azrael
 29063 | Orc:2    | Noticed Fannar
 29095 | Orc:2    | Killed Fannar
 29095 | Orc:2    | Reached skill level 5 in Evocations
 29542 | Orc:3    | Reached XP level 14. HP: 110/110 MP: 23/23
 29545 | Orc:4    | Entered Level 4 of the Orcish Mines
 30159 | Orc:3    | Found a staircase to the Elven Halls.
 30339 | Orc:3    | Found a roughly hewn altar of Beogh.
 30768 | Orc:3    | You fall through a shaft!
 31494 | Orc:4    | Noticed Nergalle
 32306 | Orc:4    | Noticed Blork the orc
 32316 | Orc:4    | Reached skill level 15 in Hexes
 32423 | Orc:4    | Killed Blork the orc
 32450 | Orc:4    | Noticed an orc warlord
 32553 | Orc:4    | Killed an orc warlord
 32680 | Orc:4    | Found a roughly hewn altar of Beogh.
 32732 | Orc:4    | Found Dufras's Antique Weapon Shoppe.
 32737 | Orc:4    | Found Niupamiu's Jewellery Shoppe.
 32744 | Orc:4    | Found Fomos's General Store.
 32799 | Orc:4    | Found Foumauhivy's Antique Armour Shoppe.
 32806 | Orc:4    | Bought a smoking leather armour for 168 gold pieces
 32806 | Orc:4    | Bought a pair of glowing gloves for 108 gold pieces
 32806 | Orc:4    | Bought an ichor-stained helmet for 228 gold pieces
 32822 | Orc:4    | Bought a crystal falchion for 192 gold pieces
 32861 | Orc:3    | Identified the cursed +0 falchion "Elibb" {slice, +Rage rPois MP-9} (You bought it in a shop on level 4 of the Orcish Mines)
 32872 | Orc:3    | Identified the +3 leather armour "Riestrec" {+Blink} (You bought it in a shop on level 4 of the Orcish Mines)
 32882 | Orc:3    | Identified the cursed -1 helmet of Tuopsual {*Corrode rElec Int+6} (You bought it in a shop on level 4 of the Orcish Mines)
 33435 | Orc:4    | Killed Nergalle
 33887 | Lair:1   | Upgraded the game from 0.17.0-23-g0de4337 to 0.17.0-24-gcfadda4
 34202 | Lair:5   | Reached skill level 16 in Hexes
 34917 | Lair:6   | Found a staircase to the Slime Pits.
 35375 | Lair:6   | Found a staircase to the Swamp.
 35387 | Lair:6   | Reached skill level 17 in Hexes
 35719 | Lair:6   | Received a gift from Okawaru
 36009 | Lair:8   | Entered Level 8 of the Lair of Beasts
 36540 | Lair:7   | Noticed Kirke
 37284 | Lair:7   | Reached skill level 18 in Hexes
 37523 | Lair:7   | Received a gift from Okawaru
 37526 | Lair:7   | Got a pearl-encrusted chain mail {god gift}
 37551 | Lair:6   | Identified the +1 chain mail of the Big Bang {rElec rF+ MR+} (Okawaru gifted it to you on level 7 of the Lair of Beasts)
 37670 | Lair:7   | Reached XP level 15. HP: 115/115 MP: 15/24
 38143 | Lair:7   | Learned a level 3 spell: Ozocubu's Armour
 38668 | Lair:8   | Reached skill level 10 in Stealth
 38751 | Lair:8   | Reached skill level 1 in Charms
 38855 | Lair:8   | Reached skill level 1 in Translocations
 39042 | Lair:8   | HP: 1/115 [electric eel/bolt of electricity (12)]
 40325 | D:13     | Killed a rakshasa
 40429 | D:13     | Noticed a manticore
 40431 | D:13     | Killed a manticore
 40550 | D:14     | Found a gate to the Vaults.
 40806 | D:14     | Got a distressingly furry ring mail
 40829 | D:15     | Entered Level 15 of the Dungeon
 41097 | D:14     | Got a polished shortbow
 41488 | D:14     | Received a gift from Okawaru
 41612 | D:14     | Received a gift from Okawaru
 41623 | D:14     | Identified the +3 shortbow of Lexaduikh {venom, rPois MR+ Dex+5} (You found it on level 14 of the Dungeon)
 41635 | D:14     | Identified the +5 ring mail of Pride {rPois} (You found it on level 14 of the Dungeon)
 42612 | D:15     | Reached skill level 5 in Charms
 42782 | D:15     | Found a staircase to the Depths.
 43207 | D:15     | Found a blossoming altar of Fedhas.
 43378 | D:15     | Learned a level 2 spell: Repel Missiles
 43412 | D:15     | Reached XP level 16. HP: 76/122 MP: 11/25
 43623 | D:15     | Received a gift from Okawaru
 43854 | D:15     | Noticed a storm dragon
 43909 | D:15     | Found a runed door.
 44160 | Lair:1   | Learned a level 2 spell: Swiftness
 44434 | Swamp:1  | Entered Level 1 of the Swamp
 44434 | Swamp:1  | Noticed Frances
 44999 | Lair:6   | HP: 6/122 [Frances/iron shot (45)]
 45801 | Lair:6   | Reached skill level 19 in Hexes
 45815 | Lair:5   | Killed a two-headed hydra
 48188 | Swamp:2  | Noticed Nikola
 49001 | Swamp:2  | Got a faintly glowing great sword
 49007 | Swamp:2  | Identified the +5 great sword of Hexzol {drain, +Inv rN+ MP+9 Dex+4} (You found it on level 2 of the Swamp)
 49696 | Swamp:2  | HP: 1/122 [komodo dragon (22)]
 49697 | Swamp:2  | Reached skill level 20 in Hexes
 50466 | Swamp:2  | Reached skill level 1 in Long Blades
 51188 | Swamp:2  | HP: 6/122 [poisoned by a hornet]
 51795 | Swamp:1  | HP: 4/122 [shambling mangrove (25)]
 52417 | Swamp:1  | Reached skill level 5 in Long Blades
 52789 | Elf:1    | Entered Level 1 of the Elven Halls
 54203 | Elf:1    | Received a gift from Okawaru
 54531 | Elf:1    | Reached XP level 17. HP: 128/128 MP: 22/26
 54541 | Elf:1    | Noticed bezhaha's ghost (journeyman TrCK)
 54905 | Elf:1    | Found Deerr's Magic Scroll Shoppe.
 54943 | Elf:1    | Bought a scroll of silence for 82 gold pieces
 55039 | Elf:1    | Identified the Volume of Battle Magic
 55271 | Elf:1    | Shot with an arrow by a deep elf knight

Action                   |  1- 3 |  4- 6 |  7- 9 | 10-12 | 13-15 | 16-18 || total
-------------------------+-------+-------+-------+-------+-------+-------++-------
Melee: Dagger            |    86 |   130 |   278 |   449 |  1685 |   336 ||  2964
       Short sword       |       |       |       |   407 |   400 |       ||   807
       Spear             |       |       |       |    59 |       |       ||    59
       Scimitar          |       |       |       |       |    57 |    63 ||   120
       Unarmed           |       |       |       |       |    19 |       ||    19
       Great sword       |       |       |       |       |       |   507 ||   507
 Cast: Corona            |     3 |     1 |     3 |     1 |     1 |       ||     9
       Ensorcelled Hiber |    20 |    58 |    49 |   118 |   181 |    57 ||   483
       Confuse           |       |     4 |    38 |    92 |   179 |   114 ||   427
       Tukima's Dance    |       |       |     1 |       |    39 |    23 ||    63
       Invisibility      |       |       |       |    19 |    19 |     4 ||    42
       Dazzling Spray    |       |       |       |    18 |    30 |     2 ||    50
       Ozocubu's Armour  |       |       |       |       |    10 |    34 ||    44
       Blink             |       |       |       |       |       |    10 ||    10
       Swiftness         |       |       |       |       |       |     3 ||     3
Invok: Heroism           |       |       |       |     6 |    19 |     6 ||    31
       Finesse           |       |       |       |       |     6 |     2 ||     8
 Abil: End Transformatio |       |       |     2 |     4 |       |     1 ||     7
       Bat Form          |       |       |     2 |     4 |       |     1 ||     7
Evoke: Wand              |       |       |     2 |     3 |     2 |       ||     7
  Use: Potion            |       |     4 |     5 |    24 |    14 |    16 ||    63
       Scroll            |       |    14 |     2 |    10 |    12 |     6 ||    44
 Stab: Sleeping          |    15 |    39 |    50 |   106 |   163 |    40 ||   413
       Confused          |       |     2 |    23 |    71 |   114 |    83 ||   293
       Distracted        |       |       |     1 |     6 |    13 |     3 ||    23
       Invisible         |       |       |       |    23 |   109 |    10 ||   142
